 Dungeon Crawl Stone Soup version 0.31-a0-728-g01b46875f1 (console) character file.

Game seed: 2373287487581081747

73737 orblet the Skirmisher (level 15, -14/118 HPs)
             Began as a Barachi Hexslinger on Sept 12, 2023.
             Was the Champion of Dithmenos.
             Demolished by a manticore (16 damage)
             ... on level 14 of the Dungeon.
             The game lasted 01:17:20 (24031 turns).

orblet the Skirmisher (Barachi Hexslinger)         Turns: 24031, Time: 01:17:20

Health: -14/118    AC: 11    Str: 10    XL:     15   Next: 44%
Magic:  25/25      EV: 22    Int: 14    God:    Dithmenos [******]
Gold:   1899       SH:  0    Dex: 21    Spells: 10/28 levels left

rFire   . . .        a - +6 sling {speed, *Slow Will+ SInv Stlth+}
rCold   . . .        (no shield)
rNeg    + . .        C - +4 Cigotuvi's embrace {Corpsefed rMiasma Drain rN+}
rPois   .            (no helmet)
rElec   .            R - +0 cloak
rCorr   .            (no gloves)
SInv    +            z - +2 pair of boots {Stlth+}
Will    +++..        (no amulet)
Stlth   ++++++++     k - ring of wizardry
HPRegen 0.39/turn    N - ring of willpower
MPRegen 0.19/turn

%: slow self (1%), wizardry (x1)
@: slowed, wreathed by umbra, very slow
A: amphibious, slowness 1, strong legs 2, +LOS
a: Hop, Renounce Religion, Shadow Step, Shadow Form


You were on level 14 of the Dungeon.
You worshipped Dithmenos.
Dithmenos was exalted by your worship.
You visited 4 branches of the dungeon, and saw 22 of its levels.
You also visited: Sewer.

You collected 2393 gold pieces.
You spent 494 gold pieces at shops.

Inventory:

Hand Weapons
 a - the +6 sling of the Doomed Warrior (weapon) {speed, *Slow Will+ SInv Stlth+}
   (You found it on level 6 of the Dungeon)

   Will+:     It increases your willpower.
   SInv:      It lets you see invisible.
   *Slow:     It may slow you when you take damage.
   Stlth+:    It makes you more stealthy.
 b - a +1 longbow of flaming
 x - a +1 heavy arbalest
 D - a +4 dagger of electrocution
Missiles
 p - 3 throwing nets
 y - 20 poisoned darts
Armour
 z - a +2 pair of boots of stealth (worn)
 C - the +4 Cigotuvi's embrace (worn) {Corpsefed rMiasma Drain rN+}
   (You bought it in a shop on level 2 of the Orcish Mines)

   Corpsefed: It gathers nearby corpses to temporarily increase the armour it
   provides.
   rMiasma:   It protects you from foul pestilence.
   rN+:       It protects you from negative energy.
   Drain:     It drains your maximum health when unequipped.
 P - the orb of Lifelessness {mayhem, rElec rF+}
   (You found it on level 3 of the Lair of Beasts)

   rF+:       It protects you from fire.
   rElec:     It insulates you from electricity.
 R - a +0 cloak (worn)
Jewellery
 k - a ring of wizardry (left hand)
 N - a ring of willpower (right hand)
 Q - a ring of protection from cold
Wands
 l - a wand of charming (20)
 F - a wand of iceblast (11)
 G - a wand of polymorph (15)
 M - a wand of digging (5)
Scrolls
 c - 2 scrolls of enchant weapon
 d - 6 scrolls of amnesia
 e - 2 scrolls of identify
 f - a scroll of silence
 j - 2 scrolls of poison
 m - 2 scrolls of fog
 n - 8 scrolls of teleportation
 o - 2 scrolls of vulnerability
 q - a scroll of enchant armour
 E - 4 scrolls of blinking
 L - 3 scrolls of revelation
Potions
 g - 2 potions of curing
 h - 3 potions of enlightenment
 r - 3 potions of attraction
 s - 2 potions of berserk rage
 t - 4 potions of brilliance
 v - 3 potions of might
 w - 3 potions of ambrosia
 A - a potion of resistance
 B - 6 potions of mutation
 J - 6 potions of lignification
 O - a potion of magic


   Skills:
 - Level 11.0 Fighting
 + Level 14.7 Ranged Weapons
 - Level 14.2 Dodging
 - Level 3.0 Stealth
 - Level 7.0 Spellcasting
 - Level 11.6 Hexes
 - Level 5.1 Translocations
 - Level 1.1 Fire Magic
 - Level 6.2 Invocations
 + Level 8.0 Evocations


You had 10 spell levels left.
You knew the following spells:

 Your Spells              Type           Power      Damage    Failure   Level
a - Jinxbite              Hex            74%        N/A       1%          2
b - Sigil of Binding      Hex            37%        N/A       1%          3
c - Inner Flame           Hex/Fire       22%        N/A       1%          3
d - Dimensional Bullseye  Hex/Tloc       14%        N/A       2%          4
e - Cause Fear            Hex            18%        N/A       1%          4
f - Blink                 Tloc           38%        N/A       1%          2

Your spell library contained the following spells:

 Spells                   Type           Power      Damage    Failure   Level
 Ensorcelled Hibernation  Hex/Ice        42%        N/A       1%          2
 Summon Guardian Golem    Hex/Summ       21%        N/A       2%          3
 Anguish                  Hex/Necr       10%        N/A       7%          4
 Fulminant Prism          Conj/Hex       10%        3d9       7%          4
 Magic Dart               Conj           16%        1d3       8%          1
 Sting                    Tmut/Pois      16%        1d3       8%          1
 Summon Small Mammal      Summ           16%        N/A       8%          1
 Scorch                   Fire           16%        2d5       8%          2
 Manifold Assault         Tloc           19%        N/A       10%         4
 Passwall                 Tmut/Erth      3%         N/A       12%         2
 Poisonous Vapours        Pois/Air       8%         N/A       12%         2
 Searing Ray              Conj           8%         2d4       12%         2
 Metabolic Englaciation   Hex/Ice        10%        N/A       19%         5
 Call Canine Familiar     Summ           4%         N/A       22%         3
 Frozen Ramparts          Ice            8%         1d2       22%         3
 Swiftness                Air            4%         N/A       22%         3
 Vhi's Electric Charge    Tloc/Air       24%        N/A       26%         4
 Flame Wave               Conj/Fire      6%         2d5       50%         4
 Animate Dead             Necr           4%         N/A       56%         4
 Olgreb's Toxic Radiance  Pois           4%         N/A       56%         4
 Petrify                  Tmut/Erth      4%         N/A       56%         4
 Arcjolt                  Conj/Air       2%         1d12      88%         5
 Borgnjor's Vile Clutch   Necr/Erth      2%         N/A       88%         5
 Death Channel            Necr           2%         N/A       100%        6
 Simulacrum               Ice/Necr       2%         N/A       100%        6
 Summon Cactus Giant      Summ           2%         N/A       100%        6
 Haunt                    Necr/Summ      2%         N/A       100%        7
 Ozocubu's Refrigeration  Ice            2%         4d7       100%        7
 Infestation              Necr           2%         N/A       100%        8
 Maxwell's Capacitive Co  Air            2%         ∞         100%        8
 Polar Vortex             Ice            2%         N/A       100%        9


Dungeon Overview and Level Annotations

Branches:
Dungeon (14/15)            Temple (1/1) D:7            Lair (5/5) D:11
 Shoals (0/4) Lair:3       Spider (0/4) Lair:3        Slime (0/5) Lair:5
    Orc (2/2) D:9             Elf (0/3) Orc:2         Sewer (visited)
 Vaults: D:13-14

Altars:
Ashenzari
Cheibriados
Dithmenos
Elyvilon
Fedhas
Gozag
Hepliaklqana
Kikubaaqudgha
Makhleb
Nemelex Xobeh
Okawaru
Qazlal
Ru
Sif Muna
Trog
Uskayaw
Vehumet
Wu Jian
Xom
Yredelemnul
Zin
The Shining One
Jiyva

Shops:
D:7 *   D:9 [?=[   Orc:2 :!=[

Annotations:
D:4 Grinder
Lair:1 exclusion: 3 death yaks, Urug
Lair:5 2 runed translucent doors


Innate Abilities, Weirdness & Mutations

You are amphibious.
You cover ground slowly.
You can hop long distances.
You have an extended range of vision and can be seen from far away.


Message History

Aim: a manticore (black smoke, heavily wounded, umbra, 82% to hit)
You shoot a sling bullet. The sling bullet hits the manticore.
The manticore is heavily wounded.
Unknown command.
Fire: a) +6 sling {speed, *Slow Will+ SInv Stlth+}
Press: ? - help, Q - select action, (/) - cycle Shift-Dir - straight line, f/p - manticore
Aim: a manticore (black smoke, heavily wounded, umbra, 82% to hit)
You shoot a sling bullet.
The sling bullet closely misses the manticore.
The manticore misses you. The manticore claws you.
* * * LOW HITPOINT WARNING * * *
The manticore barely misses you.
Fire: a) +6 sling {speed, *Slow Will+ SInv Stlth+}
Press: ? - help, Q - select action, (/) - cycle Shift-Dir - straight line, f/p - manticore
Aim: a manticore (black smoke, heavily wounded, umbra, 82% to hit)
You shoot a sling bullet. The sling bullet hits the manticore.
The manticore is severely wounded.
The manticore bites you!!
* * * LOW HITPOINT WARNING * * *
The manticore barely misses you. The manticore completely misses you.
You feel better.
You carefully extract the barbed spikes from your body.
The manticore bites you!
* * * LOW HITPOINT WARNING * * *
The manticore misses you.
The manticore claws you but does no damage.
Okay, then.
Press: ? - help, v - describe, . - travel The floor.
This square is wreathed by an umbra.
There is a cloud of black smoke here.
Aiming: Polymorph
Press: ? - help, Shift-Dir - straight line, f/p - manticore
Aim: a manticore (black smoke, severely wounded, umbra, will become a floating eye, a moth of wrath, or a wind drake, chance to affect: 50%)
Okay, then.
You feel better. The manticore bites you!
* * * LOW HITPOINT WARNING * * *
The manticore claws you but does no damage. x2
The manticore bites you!
You die...

.#.###.#..##.#########.###.......
............................#.##.
.#.##..#..##.#.#######.###..#.##.
.#.##..#..##.#.#####...###.......
#####..#..##.#..........)........
....#..#..##.#.##'#######........
....#..........#§§......#.#.#.###
....#..#..##...#§######.#.#....).
....#..#..##...#@#....+.#.#...###
....#..#..##.#.#H#....#.#........
#####..#..##.#.#§#....#.#.#.....#
##..#..#(.####.#§§CH..#.#........
.......#..####.#.######.#.##....#
...............#........#.##.####
.........##....#######'##.##.####
...##.#.###.#.)[...).............
##.##.......#..##..#.#.##.##.####


You could see a manticore.

Vanquished Creatures
  Donald (Orc:2)
  A catoblepas (Lair:2)
  3 hydras
  3 centaur warriors
  2 ogre magi (Orc:2)
  9 two-headed ogres
  2 death yaks (D:11)
  A tengu warrior (D:14)
  2 skysharks
  A skeletal warrior (D:13)
  2 deep trolls
  2 wizards
  Pikel (D:3)
  A lindwurm (Lair:5)
  3 harpies (Lair:3)
  An orc knight (Orc:1)
  A wolf spider (Lair:3)
  A mana viper (Orc:2)
  An ugly thing (D:13)
  2 manticores (D:11)
  An orc sorcerer (Orc:1)
  6 cyclopes
  3 molten gargoyles (Lair:5)
  4 elephants (Lair:4)
  9 black mambas
  10 cane toads
  2 unseen horrors
  A gargoyle (D:12)
  16 komodo dragons
  A kobold demonologist (D:12)
  2 tengu conjurers (D:13)
  3 rime drakes
  12 trolls
  8 polar bears
  A hornet (D:10)
  8 dream sheep
  Prince Ribbit (Lair:1)
  18 blink frogs
  A slime creature (D:10)
  2 culicivoras (Lair:3)
  Sigmund (D:4)
  A shadow (D:12)
  11 wyverns
  A wraith (D:13)
  57 yaks
  2 redbacks (Lair:3)
  7 basilisks
  2 steam dragons
  A hog (D:11)
  16 vampire mosquitoes
  3 wargs
  An acid dragon (D:14)
  5 hell hounds (Lair:5)
  15 water moccasins
  Pargi (Sewer)
  18 orc warriors
  3 ice beasts
  2 black bears
  A sky beast (D:8)
  A wolf (D:11)
  24 ogres
  4 centaurs
  3 kobold brigands
  11 bullfrogs
  A scorpion (D:5)
  5 wights (D:10)
  9 killer bees
  3 electric eels
  9 howler monkeys
  2 jellies
  5 lava snakes (Lair:5)
  2 gnoll boudas
  7 hounds
  15 orc priests
  2 sleepcaps
  7 iguanas
  Natasha (thrice) (D:4)
  27 orc wizards
  6 hell rats (Lair:5)
  6 gnolls
  11 adders
  2 river rats (D:5)
  A white imp (D:7)
  A worm (D:2)
  72 orcs
  4 ball pythons
  5 bats
  6 endoplasms
  6 giant cockroaches
  11 goblins
  10 hobgoblins
  8 jackals
  5 quokkas
  4 frilled lizards
  19 kobolds
  5 rats
619 creatures vanquished.

Vanquished Creatures (others)
  A centaur warrior (D:13)
  A manticore (D:11)
  A cane toad (Lair:2)
  2 polar bears (D:11)
  A lemure (D:5)
6 creatures vanquished.

Grand Total: 625 creatures vanquished

Notes
Turn   | Place    | Note
-------+----------+-------------------------------------------
     0 | D:1      | orblet the Barachi Hexslinger began the quest for the Orb.
     0 | D:1      | Reached XP level 1. HP: 15/15 MP: 2/2
    93 | D:1      | Reached skill level 1 in Stealth
    93 | D:1      | Reached XP level 2. HP: 16/21 MP: 3/3
   129 | D:1      | Learned a level 2 spell: Jinxbite
   547 | D:1      | Reached XP level 3. HP: 24/26 MP: 4/4
  1838 | D:2      | Reached XP level 4. HP: 32/32 MP: 3/5
  2378 | D:3      | Found a burning altar of Makhleb.
  2383 | D:3      | Noticed a balrug
  2529 | D:4      | Noticed Sigmund
  2616 | D:4      | Noticed Grinder
  2679 | D:4      | Reached XP level 5. HP: 37/37 MP: 6/6
  2706 | D:5      | Entered Level 5 of the Dungeon
  2777 | D:5      | Reached skill level 5 in Ranged Weapons
  2804 | D:5      | Reached XP level 6. HP: 43/43 MP: 4/7
  2814 | D:5      | Noticed Pikel
  2950 | D:5      | Learned a level 3 spell: Sigil of Binding
  2973 | D:5      | Found a glowing drain.
  2998 | Sewer    | Entered a sewer
  3061 | Sewer    | Noticed Pargi
  3101 | Sewer    | Killed Pargi
  3102 | Sewer    | Reached XP level 7. HP: 48/48 MP: 8/8
  3905 | D:4      | Noticed Natasha
  3912 | D:4      | Killed Natasha
  4063 | D:4      | Noticed Natasha
  4069 | D:4      | Killed Natasha
  4078 | D:4      | Found a shimmering altar of Xom.
  4095 | D:4      | Found an ornate altar of the Wu Jian Council.
  4118 | D:4      | Noticed Natasha
  4626 | D:6      | Identified the +2 robe "Lipan" {Int+5 Slay+3}
  4896 | D:7      | Found a staircase to the Ecumenical Temple.
  4896 | D:7      | You fall into a shaft and drop 1 floor!
  5000 | D:7      | Reached XP level 8. HP: 54/54 MP: 9/9
  5009 | Temple   | Entered the Ecumenical Temple
  5033 | Temple   | Became a worshipper of Dithmenos the Shadowed
  5170 | D:7      | Found an ancient bone altar of Kikubaaqudgha.
  5556 | D:6      | Identified the +6 sling of the Doomed Warrior {speed, *Slow
                  | Will+ SInv Stlth+}
  5760 | D:6      | Reached * piety under Dithmenos
  5761 | D:6      | Reached skill level 5 in Dodging
  6187 | D:6      | Reached XP level 9. HP: 64/64 MP: 10/10
  6300 | D:5      | Reached skill level 1 in Evocations
  6305 | D:5      | Reached skill level 5 in Hexes
  6333 | D:4      | Killed Natasha
  6339 | D:4      | Learned a level 3 spell: Inner Flame
  6435 | D:4      | Killed Sigmund
  6585 | D:3      | Killed Pikel
  6729 | D:7      | Found Luvaasal's Island Escapes.
  6739 | D:7      | Bought a scroll of teleportation for 36 gold pieces
  7108 | D:8      | Reached XP level 10. HP: 70/70 MP: 11/13
  7328 | D:8      | Noticed Maurice
  7441 | D:8      | Reached skill level 10 in Ranged Weapons
  7591 | D:8      | Reached ** piety under Dithmenos
  8037 | D:8      | Maurice changed into Maurice the troll
  8037 | D:8      | Noticed Maurice
  8054 | D:8      | Killed Maurice the troll
  8203 | D:9      | Found Qamudd's Magic Scroll Boutique.
  8204 | D:9      | Found Qiof's Armour Boutique.
  8204 | D:9      | Found Laokom's Armour Boutique.
  8204 | D:9      | Found Iruippioca's Jewellery Boutique.
  8210 | D:9      | Bought a scroll of identify for 32 gold pieces
  8210 | D:9      | Bought a scroll of identify for 32 gold pieces
  8454 | D:9      | Reached skill level 5 in Spellcasting
  8570 | D:9      | Found a broken altar of Ashenzari.
  8651 | D:9      | Found a staircase to the Orcish Mines.
  9002 | D:9      | Noticed a wizard
  9253 | D:10     | Entered Level 10 of the Dungeon
  9425 | D:10     | Reached *** piety under Dithmenos
  9578 | D:10     | Paralysed by a hornet for 2 turns
  9583 | D:10     | Reached XP level 11. HP: 47/75 MP: 18/18
 10220 | D:11     | Found a runed translucent gate.
 10222 | D:11     | Found a runed translucent gate.
 10222 | D:11     | Noticed a death yak
 10223 | D:11     | Found a runed translucent gate.
 10223 | D:11     | Noticed a manticore
 10302 | D:11     | Found a staircase to the Lair.
 10308 | D:11     | Noticed a manticore
 10332 | D:11     | Reached skill level 5 in Fighting
 10435 | D:11     | Noticed an eight-headed hydra
 10906 | D:11     | Noticed a manticore
 10908 | D:11     | Noticed a death yak
 11355 | Lair:1   | Entered Level 1 of the Lair of Beasts
 11418 | Lair:1   | Learned a level 4 spell: Dimensional Bullseye
 11421 | Lair:1   | Noticed Urug
 11455 | Lair:1   | Noticed Prince Ribbit
 11466 | Lair:1   | Killed Prince Ribbit
 11635 | Lair:1   | Noticed a death yak
 11738 | Lair:1   | Noticed a death yak
 11774 | Lair:1   | Noticed a death yak
 12392 | Lair:2   | Noticed a catoblepas
 12508 | Lair:2   | Reached XP level 12. HP: 94/94 MP: 19/19
 12826 | Lair:2   | Reached **** piety under Dithmenos
 12827 | Lair:2   | Reached skill level 5 in Evocations
 12859 | Lair:2   | Killed a catoblepas
 12860 | Lair:2   | Reached skill level 10 in Dodging
 13328 | Lair:3   | Noticed a skyshark
 13684 | Lair:3   | Noticed a skyshark
 13812 | Lair:3   | Killed a skyshark
 13904 | Lair:3   | Found a hole to the Spider Nest.
 14278 | Lair:3   | Found a staircase to the Shoals.
 14476 | Lair:3   | Identified the orb of Lifelessness {mayhem, rElec rF+}
 14584 | Lair:3   | Gained mutation: You can hop long distances. [Barachi
                  | growth]
 14584 | Lair:3   | Reached XP level 13. HP: 99/99 MP: 20/20
 15136 | Lair:4   | Reached ***** piety under Dithmenos
 15543 | Lair:4   | Reached skill level 10 in Fighting
 15969 | Lair:4   | Reached skill level 1 in Translocations
 16200 | Lair:5   | Entered Level 5 of the Lair of Beasts
 16259 | Lair:5   | Reached skill level 10 in Hexes
 16798 | Lair:5   | Found a viscous altar of Jiyva.
 16798 | Lair:5   | Found a staircase to the Slime Pits.
 16880 | Lair:5   | Learned a level 4 spell: Cause Fear
 16991 | Lair:5   | Reached XP level 14. HP: 37/110 MP: 23/23
 18403 | Lair:5   | Found a large runed translucent door.
 18403 | Lair:5   | Found a large runed translucent door.
 18949 | D:10     | Found a stormy altar of Qazlal.
 19045 | D:9      | Learned a level 2 spell: Blink
 19564 | D:12     | Reached skill level 1 in Invocations
 20656 | Orc:1    | Entered Level 1 of the Orcish Mines
 20676 | Orc:1    | Reached ****** piety under Dithmenos
 21273 | Orc:2    | Entered Level 2 of the Orcish Mines
 21299 | Orc:2    | Found a staircase to the Elven Halls.
 21864 | Orc:2    | Reached skill level 5 in Invocations
 22049 | Orc:2    | Noticed Donald
 22155 | Orc:2    | Killed Donald
 22156 | Orc:2    | Reached XP level 15. HP: 118/118 MP: 25/25
 22213 | Orc:2    | Noticed Nessos
 22216 | Orc:2    | Nessos changed into Nessos the mana viper
 22216 | Orc:2    | Noticed Nessos
 22226 | Orc:2    | Killed Nessos the mana viper
 22294 | Orc:2    | Reached skill level 5 in Translocations
 22359 | Orc:2    | Found Resis's Jewellery Shoppe.
 22519 | Orc:2    | Found Oclev's Book Shop.
 22524 | Orc:2    | Found Rekeg's Armour Emporium.
 22525 | Orc:2    | Found Cail's Distillery.
 22648 | Orc:2    | Bought a potion of curing for 36 gold pieces
 22660 | Orc:2    | Found an iron altar of Okawaru.
 22880 | Orc:2    | Bought the +4 Cigotuvi's embrace {Corpsefed rMiasma Drain
                  | rN+} for 358 gold pieces
 22880 | Orc:2    | Found the +4 Cigotuvi's embrace {Corpsefed rMiasma Drain
                  | rN+}
 24029 | D:14     | HP: 4/118 [manticore (20)]
 24031 | D:14     | Demolished by a manticore

Illustrated notes

Levels and vault maps discovered:
D:1:      erik_arrival_orb_chamber, layout_rooms, minmay_cupped
D:2:      layout_loops_corners, grunt_ministairs_6, due_unseen_surprise
D:3:      layout_basic, makhleb_altar_promises_db, kennysheep_generic_room_12
D:4:      layout_basic, mainiacjoe_overflow_boulevard,
          nicolae_wu_jian_immortal_techniques, uniq_grinder, uniq_sigmund,
          uniq_natasha
D:5:      layout_rooms, gup_sewer_entry_spiral, nicolae_underground_beach,
          uniq_pikel
D:6:      layout_loops_corners, minmay_fractal_squares_diagonal_5
D:7:      layout_loops_cross, mainiacjoe_overflow_alcove_4, temple_pool_b,
          nicolae_island_escapes
D:8:      layout_basic, uniq_maurice
D:9:      layout_loops_ring, overflow_temple_1_default, erik_orc_3,
          minmay_shop_grid_forest, minmay_librarian
D:10:     layout_gridville, marbit_many_paths
D:11:     lemuel_bear_cage, layout_loops_ring, hellmonk_lair_entry_icy
D:12:     layout_basic
D:13:     layout_basic
D:14:     layout_basic, david_vaults_2, kennysheep_minor_cross, minivault_25_ag,
          st_stairs_8, uniq_agnes
Temple:   nicolae_temple_x_marks_the_god
Lair:1:   layout_hall_layers, st_stairs_13, infiniplex_staircase_pool_2,
          uniq_urug, uniq_prince_ribbit2
Lair:2:   layout_regular_city
Lair:3:   layout_gridlike, nicolae_shoals_entry_roost,
          spider_nest_entry_funnel_web, chequers_serial_rivers_large_a
Lair:4:   layout_roguey
Lair:5:   cheibrodos_lair_end_hotspot, layout_long_grid,
          dpeg_slime_entry_corner, minmay_hedge_maze
Orc:1:    layout_caves, mines4_lemuel
Orc:2:    st_orc_open, layout_caves, okawaru_metal_pillars_1_2, uniq_donald,
          uniq_nessos

Skill      XL: |  1  2  3  4  5  6  7  8  9 10 11 12 13 14 15 |
---------------+----------------------------------------------+-----
Stealth        | 1 3 |  3.0
Ranged Weapons | 3 4 5 6 8 9 11 12 13 14 | 14.7
Dodging        | 5 7 9 12 14 | 14.2
Fighting       | 3 8 10 11 | 11.0
Hexes          | 4 7 11 | 11.6
Evocations     | 4 6 8 |  8.0
Spellcasting   | 2 5 6 7 |  7.0
Translocations | 4 5 |  5.1
Invocations    | 5 6 |  6.2
Fire Magic     | |  1.1

Action                     |  1- 3 |  4- 6 |  7- 9 | 10-12 | 13-15 || total
---------------------------+-------+-------+-------+-------+-------++-------
  Melee: Dagger            |    12 |    12 |    14 |       |       ||    38
         Punch             |       |       |     1 |       |       ||     1
   Fire: Sling             |   130 |   134 |   301 |   874 |  1632 ||  3071
         Arbalest          |       |       |     9 |       |       ||     9
   Cast: Jinxbite          |     3 |     5 |     8 |     3 |       ||    19
         Inner Flame       |       |       |     1 |     2 |       ||     3
         Sigil of Binding  |       |       |       |     2 |     1 ||     3
         Blink             |       |       |       |       |     5 ||     5
Ability: Hop               |     1 |       |     2 |     3 |     3 ||     9
  Evoke: Wand              |       |     5 |     3 |     4 |    29 ||    41
    Use: Scroll            |       |     5 |     7 |    10 |    10 ||    32
         Potion            |       |       |       |     1 |     3 ||     4
 Armour: Robe              |    41 |    43 |    34 |    89 |    97 ||   304
         Troll leather arm |       |       |    36 |       |       ||    36
         Leather armour    |       |       |       |       |    68 ||    68
  Dodge: Dodged            |    70 |    41 |    59 |   142 |   287 ||   599

Table legend: (Time is in decaauts)
 A = Elapsed time spent in this place.
 B = Non-inter-level travel time spent in this place.
 C = Inter-level travel time spent in this place.
 D = Time resting spent in this place.
 E = Time spent auto-exploring this place.
 F = Levels seen in this place.
 G = Mean time per level.
                   A        B        C        D        E       F      G
               +--------+--------+--------+--------+--------+-----+--------+
         Total |  25726 |  24040 |   1686 |   4835 |  13656 |  23 | 1118.5 |
       Dungeon |  15688 |  14555 |   1133 |   2269 |   8686 |  14 | 1120.6 |
        Temple |     34 |     34 |      0 |      0 |      0 |   1 |   34.0 |
          Lair |   7637 |   7229 |    408 |   1867 |   4154 |   5 | 1527.4 |
  Orcish Mines |   2186 |   2042 |    144 |    698 |    815 |   2 | 1093.0 |
         Sewer |    178 |    178 |      0 |      0 |      0 |   1 |  178.0 |
               +--------+--------+--------+--------+--------+-----+--------+

Top non-repeatable levels by time:
  Lair:5: 2499 daAuts
    D:11: 1824 daAuts
     D:6: 1600 daAuts
     D:9: 1453 daAuts
  Lair:2: 1348 daAuts
     D:8: 1337 daAuts
  Lair:3: 1332 daAuts
  Lair:4: 1325 daAuts
     D:2: 1307 daAuts
   Orc:1: 1200 daAuts
    D:10: 1148 daAuts
  Lair:1: 1132 daAuts
     D:5: 1085 daAuts
     D:7: 1036 daAuts
    D:13: 1000 daAuts
